 Dungeon Crawl Stone Soup version 0.22-a0-284-g99d1f74 (webtiles) character file.

17096 Amnesiac the Nimble (level 12, -2/63 HPs)
             Began as a Spriggan Fighter on Mar 21, 2018.
             Was an Initiate of Gozag.
             Slain by a red devil
             ... wielding a +1 demon trident of flaming
             ... summoned by an orc sorcerer
              (5 damage)
             ... while paralysed by an orc sorcerer
             ... on level 2 of the Orcish Mines.
             The game lasted 00:23:10 (13059 turns).

Amnesiac the Nimble (Spriggan Fighter)             Turns: 13059, Time: 00:23:11

Health: -2/63      AC:  4    Str: 21 (22) XL:     12   Next: 15%
Magic:  19/19      EV:  4    Int: 10      God:    Gozag
Gold:   3582       SH:  0    Dex: 16      Spells: 11/11 levels left

rFire    + + .     SeeInvis +   a - +4 scimitar (flame)
rCold    + + .     Gourm    .   c - +1 buckler
rNeg     + . .     Faith    .   H - +2 robe {rF+}
rPois    .         Spirit   .   (helmet restricted)
rElec    +         Reflect  .   i - scarf {rC+ rF+}
rCorr    .         Harm     .   (gloves unavailable)
MR       ++...                  (boots unavailable)
Stlth    +.........             F - amulet of False Hope {Acrobat Fragile rElec rN+ Str+6}
HPRegen  0.20/turn              N - ring of protection from cold
MPRegen  0.16/turn              J - +2 ring of evasion

@: paralysed, very quick
A: very small, unfitting armour, see invisible, deterioration 1, herbivore,
speed 3, slow metabolism 2
a: Potion Petition, Call Merchant, Bribe Branch, Renounce Religion


You were on level 2 of the Orcish Mines.
You worshipped Gozag.
Gozag was most pleased with you.
You were not hungry.

You visited 3 branches of the dungeon, and saw 13 of its levels.

You collected 3695 gold pieces.
You paid 113 gold pieces to Gozag.

Inventory:

Hand Weapons
 a - a +4 scimitar of flaming (weapon)
 b - the +8 hunting sling of Bloody Death {flame, *Slow +Fly rF+++ Int-4}
   (You found it on level 4 of the Dungeon)

   It causes projectiles fired from it to burn those they strike, causing extra
   injury to most foes and up to half again as much damage against particularly
   susceptible opponents.
   It affects your intelligence (-4).
   It renders you almost immune to fire.
   It lets you fly.
   It may slow you when you take damage.
 w - a +2 scimitar of freezing
Missiles
 e - 43 poisoned needles
 s - 239 stones (quivered)
 v - 32 sling bullets
Armour
 c - a +1 buckler (worn)
 i - a scarf of resistance (worn)
 H - a +2 robe of fire resistance (worn)
Jewellery
 j - an uncursed amulet of regeneration
 o - an uncursed ring of stealth
 F - the amulet of False Hope (around neck) {Acrobat Fragile rElec rN+ Str+6}
   (You found it on level 7 of the Dungeon)

   [amulet of the acrobat]

   It helps you evade while moving and waiting.
   It affects your strength (+6).
   It insulates you from electricity.
   It protects you from negative energy.
   It will be destroyed if unequipped.
 J - a +2 ring of evasion (right hand)
 N - a ring of protection from cold (left hand)
Wands
 q - a wand of iceblast (10)
 C - a wand of polymorph (12)
 K - a wand of random effects (23)
Scrolls
 d - 2 scrolls of immolation {!r}
 h - a scroll of identify {!r}
 l - 3 scrolls of remove curse {!r}
 m - a scroll of vulnerability {!r, unknown}
 u - 2 scrolls of enchant weapon {!r}
 z - 3 scrolls of fear {!r}
 A - a scroll of amnesia {!r}
 B - 5 scrolls of teleportation {!r}
 D - a scroll of fog {!r}
 G - a scroll of blinking {!r}
Potions
 k - 4 potions of curing {!q}
 n - 3 potions of lignification {!q}
 r - 3 potions of flight {!q}
 t - a potion of ambrosia {!q}
 E - 2 potions of berserk rage {!q}
 L - a potion of magic {!q}
Comestibles
 f - 13 rations


   Skills:
 + Level 7.6 Fighting
 * Level 10.3 Long Blades
 + Level 12.4 Dodging
 + Level 6.9 Shields
 - Level 9.0 Evocations


You had 11 spell levels left.
You didn't know any spells.

Dungeon Overview and Level Annotations

Branches:
Dungeon (10/15)            Temple (1/1) D:6            Lair (0/6) D:8
    Orc (2/2) D:10
    Elf: Orc:2

Altars:
Ashenzari
Cheibriados
Dithmenos
Elyvilon
Fedhas
Gozag
Hepliaklqana
Kikubaaqudgha
Makhleb
Nemelex Xobeh
Okawaru
Qazlal
Ru
Sif Muna
Trog
Uskayaw
Vehumet
Wu Jian
Xom
Yredelemnul
Zin
The Shining One

Shops:
D:10 =

Portals:
Trove: D:10 (give +2 gold dragon scales)

Annotations:
D:3 Amnesiac's ghost, weakling SpFi


Innate Abilities, Weirdness & Mutations

You are very small and have problems with some larger weapons.
You are too small for most types of armour.
You have supernaturally acute eyesight. (SInv)
You are a herbivore.
You cover ground extremely quickly.
You need to consume almost no food.
Your body sometimes deteriorates upon taking damage.


Message History

HP restored.
There is a stone staircase leading down here.
You start resting.
HP restored.
You climb downwards.
Found 27 gold pieces.
There is a stone staircase leading up here.
The orc is too close now for your liking.
An orc is nearby!
The orc sorcerer shouts!
You hear a howl!
You hear a shout!
Evoke which item? (* to show all) (? for menu, Esc to quit)
Aiming: Iceblast
Press: ? - help, Shift-Dir - straight line, f - orc
Aim: an orc, wielding a hand axe and wearing a leather armour
Okay, then.
Evoke which item? (* to show all) (? for menu, Esc to quit)
Aiming: Random Effects
Press: ? - help, Shift-Dir - straight line, f - orc sorcerer
Aim: an orc sorcerer, wielding a dagger and wearing a robe The puff of frost misses the orc.
The puff of frost hits the orc sorcerer.
The orc sorcerer is moderately wounded.
The orc sorcerer mumbles some strange words.
You feel disoriented.
Evoke which item? (* to show all) (? for menu, Esc to quit)
Aiming: Random Effects
Press: ? - help, Shift-Dir - straight line, f/p - orc sorcerer
Aim: an orc sorcerer, wielding a dagger and wearing a robe (moderately wounded)
The orc flickers and vanishes for a moment.
The orc sorcerer casts a spell.
Evoke which item? (* to show all) (? for menu, Esc to quit)
Aiming: Random Effects
Press: ? - help, Shift-Dir - straight line, f/p - orc sorcerer
Aim: an orc sorcerer, wielding a dagger and wearing a robe (moderately wounded)
The orc sorcerer seems to slow down.
The orc sorcerer casts a spell.
Evoke which item? (* to show all) (? for menu, Esc to quit)
Aiming: Random Effects
Press: ? - help, Shift-Dir - straight line, f/p - orc sorcerer
Aim: an orc sorcerer, wielding a dagger and wearing a robe (moderately wounded, slow)
The bolt of poison misses the orc sorcerer.
The orc sorcerer points at you and mumbles some strange words.
You suddenly lose the ability to move!
The sixfirhy hits you! The sixfirhy shocks you. You resist.
The orc barely misses you. The orc hits you with a hand axe.
The sixfirhy hits you! The sixfirhy shocks you. You resist.
The orc hits you but does no damage.
The sixfirhy hits you but does no damage.
The sixfirhy hits you!
* * * LOW HITPOINT WARNING * * *
The sixfirhy shocks you. You resist.
* * * LOW HITPOINT WARNING * * *
The sixfirhy hits you!
* * * LOW HITPOINT WARNING * * *
The sixfirhy shocks you. You resist.
* * * LOW HITPOINT WARNING * * *
The sixfirhy hits you.
* * * LOW HITPOINT WARNING * * *
The sixfirhy shocks you. You resist.
* * * LOW HITPOINT WARNING * * *
The red devil hits you from afar with a demon trident of flaming.
You die...
Your body crumbles into a pile of gold. h

...o...... . ..
....#.............#.
...##.........#......#..
...o......#..#........#.
......o.................
......$$$...............
$
......$<...o.4......$...
$
..............h3........
.#.##........$o@<.......
..................##.
..#.................#
.......................#
#.....................##
$
##..#..#..#...##..#####
####### ####


You could see a sixfirhy, a warg, an orc sorcerer, a red devil and an orc
(invisible).

Vanquished Creatures
  An orc warlord (Orc:1)
  A hydra (D:8)
  Erica (D:8)
  An orc high priest (Orc:1)
  A deep elf mage (D:8)
  An orc sorcerer (Orc:1)
  A cyclops (D:9)
  3 gargoyles
  A kobold demonologist (D:10)
  A guardian mummy (D:10)
  3 trolls
  Prince Ribbit (D:6)
  Grinder (D:3)
  3 hippogriffs
  7 yaks (D:8)
  A spriggan (D:7)
  2 wyverns
  A hungry ghost (D:8)
  Edmund (D:6)
  4 wargs
  Duvessa (D:4)
  4 ice beasts
  8 sky beasts
  A black bear (D:9)
  16 orc warriors
  A phantom (D:5)
  11 ogres
  3 centaurs
  9 bullfrogs
  7 big kobolds
  A wyvern skeleton (D:8)
  Dowan (D:4)
  3 scorpions
  4 wights (D:6)
  An electric eel (D:6)
  2 howler monkeys
  2 crimson imps (D:8)
  15 orc priests
  2 hounds (D:9)
  A quasit (D:9)
  3 bullfrog skeletons
  5 jellies
  Ijyb (D:5)
  8 iguanas
  12 orc wizards
  11 worker ants
  2 hound zombies
  2 hound skeletons
  2 worker ant zombies (D:8)
  A howler monkey skeleton (D:2)
  14 adders
  3 shadow imps
  An ooze (D:4)
  An adder skeleton (D:5)
  3 adder zombies
  A worm (D:2)
  2 dart slugs
  3 leopard geckos
  65 orcs
  7 bats
  8 giant cockroaches
  5 goblins (D:1)
  10 hobgoblins
  21 jackals
  3 quokkas
  A ball python (D:6)
  5 frilled lizards
  18 kobolds
  2 quokka skeletons
  7 rats
356 creatures vanquished.

Vanquished Creatures (others)
  A hound (D:8)
  A fungus (Orc:2)
  A plant (D:6)
3 creatures vanquished.

Grand Total: 359 creatures vanquished

Notes
Turn   | Place    | Note
-------+----------+-------------------------------------------
     0 | D:1      | Amnesiac the Spriggan Fighter began the quest for the Orb.
     0 | D:1      | Reached XP level 1. HP: 11/11 MP: 2/2
   177 | D:2      | Noticed a howler monkey
   294 | D:3      | Noticed Amnesiac's ghost (weakling SpFi)
   485 | D:3      | Noticed Grinder
   667 | D:4      | Got an encrusted hunting sling
   691 | D:4      | Identified the +8 hunting sling of Bloody Death {flame, *Slow +Fly rF+++ Int-4} (You found it on level 4 of the Dungeon)
   738 | D:4      | Noticed an ogre
   773 | D:4      | Noticed a howler monkey
   854 | D:4      | Reached XP level 2. HP: 16/16 MP: 3/3
   882 | D:4      | Killed a howler monkey
   882 | D:4      | Reached skill level 5 in Dodging
   882 | D:4      | Reached XP level 3. HP: 16/19 MP: 4/4
   888 | D:4      | Reached XP level 4. HP: 23/23 MP: 5/5
  1281 | D:4      | Noticed Dowan
  1282 | D:4      | Noticed Duvessa
  1378 | D:5      | Entered Level 5 of the Dungeon
  1425 | D:5      | Noticed a sky beast
  1447 | D:5      | Reached XP level 5. HP: 28/28 MP: 6/6
  1454 | D:5      | Noticed a centaur
  1482 | D:5      | Killed a centaur
  1490 | D:5      | Killed a sky beast
  1490 | D:5      | Reached XP level 6. HP: 22/32 MP: 7/7
  1554 | D:5      | Reached skill level 6 in Dodging
  1563 | D:5      | Found a snail-covered altar of Cheibriados.
  1657 | D:5      | Noticed Ijyb
  2106 | D:6      | Noticed Prince Ribbit
  2114 | D:6      | Killed Prince Ribbit
  2114 | D:6      | Reached skill level 1 in Evocations
  2114 | D:6      | Reached XP level 7. HP: 36/37 MP: 7/9
  2237 | D:6      | Found a staircase to the Ecumenical Temple.
  2246 | Temple   | Entered the Ecumenical Temple
  2438 | Temple   | Became a worshipper of Gozag Ym Sagoz the Greedy
  2556 | D:5      | Killed Ijyb
  2646 | D:5      | Reached skill level 7 in Dodging
  3183 | D:2      | Reached XP level 8. HP: 42/42 MP: 11/11
  4019 | D:3      | Reached skill level 5 in Long Blades
  4049 | D:3      | Killed Grinder
  4548 | D:4      | Killed Dowan
  4608 | D:4      | Killed Duvessa
  4907 | D:5      | Reached skill level 8 in Dodging
  5283 | D:6      | Noticed Edmund
  5305 | D:6      | Killed Edmund
  5447 | D:6      | Reached XP level 9. HP: 38/46 MP: 13/13
  5861 | D:7      | Reached skill level 5 in Evocations
  5926 | D:7      | Got a slimy graven amulet
  5954 | D:7      | Reached skill level 5 in Fighting
  6212 | D:7      | Found an ancient bone altar of Kikubaaqudgha.
  6212 | D:7      | Found a glowing silver altar of Zin.
  6549 | D:7      | Found an ornate altar of the Wu Jian Council.
  6813 | D:8      | Noticed Erica
  6826 | D:8      | Reached skill level 9 in Dodging
  6831 | D:8      | Killed Erica
  6935 | D:8      | Identified the amulet of False Hope {Acrobat Fragile rElec rN+ Str+6} (You found it on level 7 of the Dungeon)
  6968 | D:8      | Found a runed door.
  6971 | D:8      | Found a runed door.
  6971 | D:8      | Noticed a gargoyle
  7342 | D:8      | Reached skill level 5 in Shields
  7359 | D:8      | Reached XP level 10. HP: 51/51 MP: 15/15
  7529 | D:8      | Noticed a deep elf mage
  7529 | D:8      | Noticed a seven-headed hydra
  7548 | D:8      | Killed a deep elf mage
  7548 | D:8      | Reached skill level 10 in Dodging
  7731 | D:8      | Killed a six-headed hydra
  7855 | D:8      | Got a warped bone amulet
  7855 | D:8      | Got a jewelled falchion
  8482 | D:8      | Found a staircase to the Lair.
  8494 | D:8      | Reached XP level 11. HP: 50/58 MP: 18/18
  8871 | D:8      | Reached skill level 11 in Dodging
  9604 | D:10     | Entered Level 10 of the Dungeon
  9692 | D:10     | Found a staircase to the Orcish Mines.
  9931 | D:10     | Found Jibbodaw's Jewellery Shoppe.
  9988 | D:10     | Identified the amulet "Kaceifaa" {Harm *Drain Stlth+} (You found it on level 8 of the Dungeon)
  9999 | D:10     | Identified the cursed +1 falchion of Fear {slice, *Contam *Corrode rPois Int+8} (You found it on level 8 of the Dungeon)
 10039 | D:10     | Gained mutation: Your body sometimes deteriorates upon taking damage. [mutagenic glow]
 10188 | D:10     | Found a portal to a secret trove of treasure.
 11057 | Orc:1    | Entered Level 1 of the Orcish Mines
 11066 | Orc:1    | Noticed an orc warlord
 12007 | Orc:1    | Killed an orc warlord
 12007 | Orc:1    | Reached skill level 10 in Long Blades
 12007 | Orc:1    | Reached skill level 12 in Dodging
 12031 | Orc:1    | Noticed an orc high priest
 12049 | Orc:1    | Killed an orc high priest
 12049 | Orc:1    | Reached XP level 12. HP: 24/63 MP: 19/19
 12649 | Orc:1    | Found a bloodstained altar of Trog.
 12770 | Orc:2    | Entered Level 2 of the Orcish Mines
 13055 | Orc:2    | Paralysed by an orc sorcerer for 5 turns
 13059 | Orc:2    | HP: 3/63 [sixfirhy[an orc sorcerer] (4)]
 13059 | Orc:2    | Slain by a red devil

Vault maps used:
D:1:      lightli_arrival_isolated_outpost
D:2:      minmay_close_crescents
D:3:      uniq_grinder
D:4:      first_ration, uniq_duvessa
D:5:      nicolae_overflow_hidden_temple, kennysheep_generic_room_16, uniq_ijyb
D:6:      minmay_temple_entry_overgrown, chequers_big_river, uniq_edmund,
          uniq_prince_ribbit1
D:7:      kennysheep_little_box, amethyst_overflow_temple_binary, the_bakery,
          minmay_holes
D:8:      minmay_the_grid_triangle_9x9_rhombus_full, erik_lair_orcish_takeover,
          hex_medium, uniq_erica
D:9:      minmay_ornate_pinched
D:10:     hiddenorc2_lemuel, nicolae_trove_entry_path_of_doom, serial_shops,
          nicolae_shop_crystal
Temple:   regret_index_temple_mists
Orc:1:    trog_butcher_becter
Orc:2:    grunt_orc_gardens, grunt_orc_garden, grunt_orc_garden,
          grunt_orc_garden, grunt_orc_garden, sword_in_stone, uniq_snorg

Skill      XL: |  1  2  3  4  5  6  7  8  9 10 11 |
---------------+----------------------------------+-----
Long Blades    | 2 3 4 6 7 8 10 | 10.3
Dodging        | 5 6 7 8 9 10 12 | 12.4
Fighting       | 3 4 5 6 7 |  7.6
Shields        | 3 4 5 6 |  6.9
Evocations     | 1 3 4 6 8 9 |  9.0

Action                   |  1- 3 |  4- 6 |  7- 9 | 10-12 || total
-------------------------+-------+-------+-------+-------++-------
Melee: Long sword        |    29 |    96 |   112 |       ||   237
       Scimitar          |       |       |       |   259 ||   259
 Fire: Hunting sling     |       |       |   272 |   400 ||   672
Evoke: Wand              |       |     1 |       |    13 ||    14
  Use: Scroll            |     2 |     2 |     1 |    16 ||    21
       Potion            |       |     2 |       |     2 ||     4
 Stab: Sleeping          |       |     4 |     1 |     2 ||     7
       Distracted        |       |     1 |       |       ||     1
       Confused          |       |       |       |     1 ||     1
  Eat: Ration            |       |       |     2 |     3 ||     5
Armor: Robe              |     1 |     2 |     9 |    15 ||    27
Dodge: Dodged            |    31 |    69 |   158 |   319 ||   577
Block: Buckler           |     8 |    27 |    74 |   165 ||   274
       Rpst.: Long sword |    10 |    25 |    32 |       ||    67
       Scimitar          |       |       |       |    59 ||    59

Table legend:
 A = Spawn XP
 B = Non-spawn XP
 C = Spawn XP percentage of total XP
 D = Spawn monster count
 E = Non-spawn monster count
 F = Spawn count percentage of total count
 G = Total turns spent on level
                    A         B        C        D         E        F      G
               +---------+---------+-------+---------+---------+-------+---------
         Total |       0 |   24423 |   0.0 |       0 |     357 |   0.0 | 13059
               +---------+---------+-------+---------+---------+-------+---------
           D:1 |       0 |      53 |   0.0 |       0 |      31 |   0.0 |   646
           D:2 |       0 |     175 |   0.0 |       0 |      27 |   0.0 |   841
           D:3 |       0 |     295 |   0.0 |       0 |      11 |   0.0 |  1013
           D:4 |       0 |     512 |   0.0 |       0 |      15 |   0.0 |  1061
           D:5 |       0 |     746 |   0.0 |       0 |      23 |   0.0 |  1087
           D:6 |       0 |    1194 |   0.0 |       0 |      29 |   0.0 |   993
           D:7 |       0 |     942 |   0.0 |       0 |      18 |   0.0 |   958
           D:8 |       0 |    8319 |   0.0 |       0 |      69 |   0.0 |  2224
           D:9 |       0 |    1687 |   0.0 |       0 |      22 |   0.0 |   572
          D:10 |       0 |    4700 |   0.0 |       0 |      69 |   0.0 |  2300
         Orc:1 |       0 |    5426 |   0.0 |       0 |      37 |   0.0 |  1125
         Orc:2 |       0 |     374 |   0.0 |       0 |       6 |   0.0 |    30
               +---------+---------+-------+---------+---------+-------+---------
